 Dungeon Crawl Stone Soup version 0.28.0-56-g4927b6849a (webtiles) character file.

Game seed: 14352543922454809136

39 Atelerd the Sneak (level 3, -5/21 HPs)
             Began as an Octopode Earth Elementalist on Feb 1, 2023.
             Killed from afar by Sigmund (10 damage)
             ... with a puff of flame
             ... on level 2 of the Dungeon.
             The game lasted 00:01:14 (1587 turns).

Atelerd the Sneak (Octopode Earth Elementalist)     Turns: 1587, Time: 00:01:15

Health: -5/21      AC:  1    Str:  7    XL:     3   Next: 45%
Magic:  2/6        EV: 13    Int: 17    God:
Gold:   53         SH:  0    Dex: 14    Spells: 5/6 levels left

rFire   . . .      SeeInvis .   a - +0 dagger
rCold   . . .      Faith    .   (no shield)
rNeg    . . .      Spirit   .   (helmet restricted)
rPois   .          Reflect  .   (no amulet)
rElec   .          Harm     .   (no ring)
rCorr   .          Rampage  .   (no ring)
Will    .....                   (no ring)
Stlth   +++.......              (no ring)
HPRegen 0.07/turn               (no ring)
MPRegen 0.10/turn               (no ring)
                                (no ring)
                                (no ring)

@: invisible
A: almost no armour, amphibious, 8 rings, camouflage 1, gelatinous body 1,
(nimble swimmer 1), tentacles
a: no special abilities


You were on level 2 of the Dungeon.
You visited 1 branch of the dungeon, and saw 2 of its levels.

You collected 53 gold pieces.

Inventory:

Hand Weapons
 a - a +0 dagger (weapon)
Missiles
 b - 78 stones
Scrolls
 c - a scroll of summoning {unknown}
 d - 2 scrolls of identify {unknown}
 f - a scroll of acquirement {unknown}


   Skills:
 - Level 2.0 Dodging
 + Level 3.5 Stealth
 + Level 2.3 Spellcasting
 + Level 1.7 Transmutations
 + Level 3.4 Earth Magic


You had 5 spell levels left.
You knew the following spells:

 Your Spells              Type           Power      Damage    Failure   Level
a - Sandblast             Erth           26%        2d8       4%          1

Your spell library contained the following spells:

 Spells                   Type           Power      Damage    Failure   Level
 Passwall                 Tmut/Erth      8%         N/A       10%         2
 Sting                    Tmut/Pois      20%        1d4       13%         1
 Foxfire                  Conj/Fire      8%         2x1d4     19%         1
 Poisonous Vapours        Pois/Air       4%         N/A       28%         2
 Stone Arrow              Conj/Erth      14%        3d7       28%         3
 Ignite Poison            Fire/Tmut/Pois 4%         N/A       41%         3
 Conjure Flame            Conj/Fire      2%         6-21      50%         3
 Inner Flame              Hex/Fire       2%         N/A       50%         3
 Petrify                  Tmut/Erth      10%        N/A       54%         4
 Flame Wave               Conj/Fire      2%         2d4       88%         4
 Olgreb's Toxic Radiance  Pois           2%         N/A       88%         4
 Sticky Flame             Conj/Fire      2%         2d3       88%         4


Dungeon Overview and Level Annotations

Branches:
Dungeon (2/15)

Altars:

Annotations:
D:2 Sigmund


Innate Abilities, Weirdness & Mutations

You cannot wear most types of armour.
You are amphibious.
You can wear up to eight rings at the same time.
Your skin changes colour to match your surroundings (Stealth+).
Your rubbery body absorbs attacks. (AC +1, EV +1)
((You are camouflaged when in or above water. (Stealth+)))
You have tentacles for arms and can constrict up to eight enemies at once.


Message History

You can't see any susceptible monsters within range! (Use Z to cast anyway.)
You can't see any susceptible monsters within range! (Use Z to cast anyway.)
You can't see any susceptible monsters within range! (Use Z to cast anyway.)
Casting: Sandblast (safe; 4% risk of failure)
Confirm with . or Enter, or press ? or * to list all spells.
You can't see any susceptible monsters within range! (Use Z to cast anyway.) Unknown command.
Unknown command.
You aren't carrying any items that you can evoke.
Okay, then.
Okay, then.
The blast of sand hits Sigmund.
Sigmund is lightly wounded.
The blast of sand hits Sigmund!
Sigmund is heavily wounded.
Sigmund hits you from afar with a +0 scythe.
The blast of sand hits Sigmund but does no damage.
Sigmund is heavily wounded.
Sigmund barely misses you.
The blast of sand misses Sigmund.
The blast of sand hits Sigmund.
Sigmund is heavily wounded.
Sigmund hits you from afar with a +0 scythe.
Sigmund points at you and mumbles some strange words.
The puff of flame hits you!
* * * LOW HITPOINT WARNING * * *
You hit Sigmund but do no damage. Your grab misses Sigmund.
Sigmund is heavily wounded.
Sigmund closely misses you.
Unknown command.
It was a potion of invisibility.
You fade into invisibility!
Unknown command.
Sigmund says, "Now you see me, now you don't..."
Sigmund says, "I'm your fate."
Sigmund points at something and mumbles some strange words.
Sigmund says, "You will soon forget everything."
Sigmund gestures at you while chanting. The puff of flame hits you!
You die...

#........##.#.#.##..........
#.............#.############
#........##.###@#
#.............#.#
#........##.#.#.#
#.........#.#.#.#
#.........#.# #.#
.........#.# #.#
####.#+#.#.# #@# #...# #####


You could see Sigmund.

Vanquished Creatures
  A dart slug (D:1)
  An orc (D:2)
  9 ball pythons
  An endoplasm (D:1)
  8 goblins
  2 hobgoblins
  2 jackals (D:1)
  A bat (D:2)
  3 frilled lizards (D:1)
  2 kobolds
  5 rats
35 creatures vanquished.

Notes
Turn   | Place    | Note
-------+----------+-------------------------------------------
     0 | D:1      | Atelerd the Octopode Earth Elementalist began the quest for
                  | the Orb.
     0 | D:1      | Reached XP level 1. HP: 11/11 MP: 3/3
   343 | D:1      | Reached XP level 2. HP: 17/17 MP: 3/5
   436 | D:1      | Found a faded altar of an unknown god.
  1081 | D:1      | Reached XP level 3. HP: 21/21 MP: 4/6
  1235 | D:1      | You fall into a shaft and drop 1 floor!
  1557 | D:2      | Noticed Sigmund
  1587 | D:2      | Killed from afar by Sigmund

Illustrated notes

Levels and vault maps discovered:
D:1:      sevenhm_arrival_forest_fort_large_1, layout_loops_ring,
          nicolae_ecumenical_snake_handling, chequers_serial_rivers_room_a
D:2:      minmay_inner_zag, layout_basic, basic_altar,
          kennysheep_generic_room_15, uniq_sigmund

Skill      XL: |  1 |
---------------+----+-----
Stealth        | 3 |  3.5
Dodging        | |  2.0
Spellcasting   | |  2.3
Transmutations | |  1.7
Earth Magic    | |  3.4

Action                   || total
-------------------------++-------
Melee: Unarmed           ||    12
       Tentacles         ||     8
       Constrict         ||     6
       Dagger            ||    19
 Cast: Sandblast         ||    32
  Use: Potion            ||     1
Armor: Skin              ||     1
Dodge: Dodged            ||    39
